[Event "CZE-ch Youth G10-G12-G14 2022"]
[Site "Luhacovice"]
[Date "2022.03.12"]
[Round "1.1"]
[White "Vancakova, Veronika"]
[Black "Melicharova Veronika"]
[Result "1-0"]
[ECO "D06"]
[WhiteElo "1300"]
[BlackElo "1000"]
[Annotator "NA"]
[PlyCount "57"]
[EventDate "2022.03.12"]
[EventType "swiss"]
[EventCountry "CZE"]
[SourceTitle "playchess.com"]
[Source "ChessBase"]
[SourceQuality "1"]
[TimeControl "40/5400+30:1800+30"]

1. d4 d5 2. c4 Nf6 3. cxd5 Nxd5 4. e4 Nf6 5. Nc3 c5 6. dxc5 Nc6 7. Qxd8+ Nxd8 8. Be3 e5 9. Bb5+ Nc6 10. Nd5 Nxd5 11. exd5 a6 12. Bxc6+ bxc6 13. d6 Bf5 14. Nf3 e4 15. Nd4 g6 16. O-O Bg7 17. Rab1 O-O 18. Nxc6 Be6 19. b3 a5 20. Bd4 f6 21. Be3 a4 22. Nd4 Rfe8 23. Nxe6 Rxe6 24. b4 f5 25. Rfd1 Rd8 26. b5 a3 27. Rb3 Bb2 28. Bf4 g5 29. Bxg5 1-0

[Event "CZE-ch Youth G10-G12-G14 2022"]
[Site "Luhacovice"]
[Date "2022.03.12"]
[Round "1.2"]
[White "Romanko Diana"]
[Black "Martikanova Amalie"]
[Result "1-0"]
[ECO "C53"]
[WhiteElo "1000"]
[BlackElo "1245"]
[Annotator "NA"]
[PlyCount "63"]
[EventDate "2022.03.12"]
[EventType "swiss"]
[EventCountry "CZE"]
[SourceTitle "playchess.com"]
[Source "ChessBase"]
[SourceQuality "1"]
[TimeControl "40/5400+30:1800+30"]

1. e4 e5 2. Nf3 Nc6 3. Bc4 Bc5 4. c3 Nf6 5. d4 exd4 6. cxd4 Bb4+ 7. Nc3 d6 8. O-O Bg4 9. d5 Ne5 10. Qa4+ c6 11. Nxe5 Bxc3 12. Nxg4 Nxg4 13. bxc3 b5 14. Bxb5 O-O 15. Bxc6 Qh4 16. h3 Rac8 17. Bd7 Rxc3 18. Bxg4 h5 19. Qd4 Rc7 20. Bb2 f6 21. Be6+ Kh8 22. Bc1 f5 23. g3 Qe7 24. Bxf5 h4 25. g4 Qf7 26. Bb2 Qe8 27. Rac1 Rb7 28. Ba1 Qb5 29. Qe3 Qe8 30. Qh6+ Kg8 31. Qh7+ Kf7 32. Qxg7# 1-0

[Event "CZE-ch Youth G10-G12-G14 2022"]
[Site "Luhacovice"]
[Date "2022.03.12"]
[Round "1.3"]
[White "Kusova, Nikola"]
[Black "Rudova Jana"]
[Result "1-0"]
[ECO "C28"]
[WhiteElo "1227"]
[BlackElo "1000"]
[Annotator "NA"]
[PlyCount "87"]
[EventDate "2022.03.12"]
[EventType "swiss"]
[EventCountry "CZE"]
[SourceTitle "playchess.com"]
[Source "ChessBase"]
[SourceQuality "1"]
[TimeControl "40/5400+30:1800+30"]

1. e4 e5 2. Nc3 Nf6 3. Bc4 Nc6 4. d3 Bb4 5. f4 d6 6. Nf3 Bg4 7. O-O O-O 8. Be3 Na5 9. Bb3 Nxb3 10. axb3 Qe7 11. fxe5 dxe5 12. Rxa7 Rxa7 13. Bxa7 b6 14. Nd5 Nxd5 15. exd5 Qc5+ 16. d4 Qxd5 17. c4 Qa5 18. Qa1 Qxa1 19. Rxa1 e4 20. Ne5 Bf5 21. Nc6 Bd6 22. c5 Bd7 23. cxd6 Bxc6 24. dxc7 Rc8 25. Bxb6 Bd5 26. b4 Kf8 27. Rc1 Ke7 28. Rc5 Kd6 29. Kf2 h5 30. b5 g6 31. Ba5 e3+ 32. Kxe3 Bxg2 33. Bb4 Ke6 34. Re5+ Kf6 35. b6 g5 36. Be7+ Kg6 37. Rxg5+ Kh6 38. Rxg2 f5 39. b7 Rxc7 40. Bf8+ Rg7 41. b8=Q f4+ 42. Qxf4+ Kh7 43. Rxg7+ Kh8 44. Qh6# 1-0

[Event "CZE-ch Youth G10-G12-G14 2022"]
[Site "Luhacovice"]
[Date "2022.03.12"]
[Round "1.4"]
[White "Silhankova Simona"]
[Black "Lackova, Lucie"]
[Result "0-1"]
[ECO "C42"]
[WhiteElo "1000"]
[BlackElo "1142"]
[Annotator "NA"]
[PlyCount "52"]
[EventDate "2022.03.12"]
[EventType "swiss"]
[EventCountry "CZE"]
[SourceTitle "playchess.com"]
[Source "ChessBase"]
[SourceQuality "1"]
[TimeControl "40/5400+30:1800+30"]

1. e4 e5 2. Nf3 Nc6 3. Bc4 Nf6 4. Nc3 Bb4 5. O-O O-O 6. d3 d6 7. h3 h6 8. Nh4 Be6 9. Bxe6 fxe6 10. Qf3 Nd4 11. Qg3 Bxc3 12. Kh1 Ne2 13. Qg6 Nxc1 14. Raxc1 Bd4 15. Rce1 Qe7 16. c3 Bb6 17. d4 exd4 18. cxd4 Bxd4 19. Nf5 exf5 20. exf5 Qd7 21. Re2 Qb5 22. Rfe1 Rae8 23. Rxe8 Rxe8 24. Rd1 Bxf2 25. Rd2 Qf1+ 26. Kh2 Qg1# 0-1

[Event "CZE-ch Youth G10-G12-G14 2022"]
[Site "Luhacovice"]
[Date "2022.03.12"]
[Round "1.5"]
[White "Janouskova, Eliska"]
[Black "Ramseier, Jana S."]
[Result "1-0"]
[ECO "B32"]
[WhiteElo "1167"]
[BlackElo "2090"]
[Annotator "ChessBase"]
[PlyCount "57"]
[EventDate "2022.03.12"]
[EventType "swiss"]
[EventCountry "CZE"]
[SourceTitle "playchess.com"]
[Source "ChessBase"]
[SourceQuality "1"]
[TimeControl "40/5400+30:1800+30"]

1. e4 c5 2. d4 d6 3. Nf3 Nc6 4. d5 Nd4 5. Nxd4 cxd4 6. Qxd4 e5 7. dxe6 fxe6 8. Nc3 Nf6 9. Bc4 e5 10. Qd3 Qb6 11. O-O Bd7 12. Nd5 Nxd5 13. Qxd5 O-O-O 14. Be3 Qc6 15. Qd3 Be7 16. Bd5 Qa6 17. Qc3+ Kb8 18. b4 Rhf8 19. a4 Rc8 20. Qb3 h6 21. c4 Rfd8 22. a5 Bg5 23. b5 Qxa5 24. Rxa5 b6 25. Bxb6 axb6 26. Ra8+ Kc7 27. Ra7+ Kb8 28. Rb7+ Ka8 29. Qa4# 1-0

[Event "CZE-ch Youth G10-G12-G14 2022"]
[Site "Luhacovice"]
[Date "2022.03.12"]
[Round "1.6"]
[White "Stepankova Linda"]
[Black "Lickova, Anna"]
[Result "1-0"]
[ECO "C68"]
[WhiteElo "1000"]
[BlackElo "1016"]
[Annotator "NA"]
[PlyCount "81"]
[EventDate "2022.03.12"]
[EventType "swiss"]
[EventCountry "CZE"]
[SourceTitle "playchess.com"]
[Source "ChessBase"]
[SourceQuality "1"]
[TimeControl "40/5400+30:1800+30"]

1. e4 e5 2. Nf3 Nc6 3. Bb5 a6 4. Bxc6 dxc6 5. Nc3 Bd6 6. d3 h6 7. O-O Nf6 8. h3 Be6 9. Be3 Qe7 10. d4 Bd7 11. dxe5 Bxe5 12. Nxe5 Qxe5 13. Qd4 Qe6 14. Bf4 Rc8 15. Rfe1 O-O 16. Qa7 b5 17. a4 Ne8 18. Qxa6 Nd6 19. Qa7 b4 20. Na2 Ra8 21. Qxc7 Nc8 22. Nxb4 g5 23. Bg3 h5 24. h4 gxh4 25. Bxh4 Kh7 26. b3 Rg8 27. Kf1 Qg6 28. Qxd7 Qxg2+ 29. Ke2 Qxe4+ 30. Kd1 Qxh4 31. Qxf7+ Kh8 32. Nxc6 Qg4+ 33. f3 Qg5 34. Ke2 Nd6 35. Qe6 Rae8 36. Kd3 Rxe6 37. a5 Qb5+ 38. c4 Qxb3+ 39. Kd2 Nxc4+ 40. Kc1 Qc3+ 41. Kb1 1-0

[Event "CZE-ch Youth G10-G12-G14 2022"]
[Site "Luhacovice"]
[Date "2022.03.12"]
[Round "1.7"]
[White "Jenikova Sabina"]
[Black "Tarielasvili Kira"]
[Result "1-0"]
[ECO "D00"]
[WhiteElo "1076"]
[BlackElo "1000"]
[Annotator "NA"]
[PlyCount "49"]
[EventDate "2022.03.12"]
[EventType "swiss"]
[EventCountry "CZE"]
[SourceTitle "playchess.com"]
[Source "ChessBase"]
[SourceQuality "1"]
[TimeControl "40/5400+30:1800+30"]

1. d4 d5 2. Nc3 Nf6 3. Bf4 Nc6 4. Nb5 Bf5 5. Nxc7+ Kd7 6. Nxa8 Qxa8 7. Nf3 e6 8. e3 Bb4+ 9. c3 Be7 10. Bb5 Bg4 11. Bxc6+ bxc6 12. h3 Bf5 13. O-O Ne4 14. Ne5+ Kc7 15. Nxf7+ Kd7 16. Nxh8 Qxh8 17. Qb3 Nd2 18. Qb7+ Ke8 19. Qxc6+ Kf7 20. Rfd1 Ne4 21. Qc7 Qd8 22. f3 Nf6 23. Qb7 Nd7 24. Re1 Bg6 25. Rf1 1-0

[Event "CZE-ch Youth G10-G12-G14 2022"]
[Site "Luhacovice"]
[Date "2022.03.12"]
[Round "1.8"]
[White "Topencikova Ellen"]
[Black "Hujova Tess"]
[Result "0-1"]
[ECO "B12"]
[WhiteElo "1000"]
[BlackElo "1000"]
[Annotator "NA"]
[PlyCount "72"]
[EventDate "2022.03.12"]
[EventType "swiss"]
[EventCountry "CZE"]
[SourceTitle "playchess.com"]
[Source "ChessBase"]
[SourceQuality "1"]
[TimeControl "40/5400+30:1800+30"]

1. e4 c6 2. d4 d5 3. e5 Bf5 4. Bd3 e6 5. Bxf5 exf5 6. Nf3 Ne7 7. O-O Ng6 8. Bg5 Be7 9. Nc3 O-O 10. Bxe7 Qxe7 11. h3 Nd7 12. Qd2 f4 13. Rfe1 Rfe8 14. Qe2 Nb6 15. g3 Rac8 16. h4 fxg3 17. fxg3 Qe6 18. Ng5 Qd7 19. h5 Nf8 20. h6 gxh6 21. e6 fxe6 22. Qg4 hxg5 23. Qxg5+ Qg7 24. Qh4 Ng6 25. Qh3 Qxd4+ 26. Kg2 e5 27. Rh1 Re7 28. Qh5 Rf8 29. Raf1 Qd2+ 30. Kg1 Rxf1+ 31. Kxf1 Rf7+ 32. Kg1 Qe3+ 33. Kh2 Rf2+ 34. Kh3 Rxc2 35. Kg4 Nf8 36. Na4 Rc4+ 0-1

[Event "CZE-ch Youth G10-G12-G14 2022"]
[Site "Luhacovice"]
[Date "2022.03.12"]
[Round "1.9"]
[White "Koutna Simona"]
[Black "Vanickova Natalie"]
[Result "1-0"]
[ECO "B02"]
[WhiteElo "1000"]
[BlackElo "1000"]
[Annotator "NA"]
[PlyCount "63"]
[EventDate "2022.03.12"]
[EventType "swiss"]
[EventCountry "CZE"]
[SourceTitle "playchess.com"]
[Source "ChessBase"]
[SourceQuality "1"]
[TimeControl "40/5400+30:1800+30"]

1. e4 d5 2. exd5 Nf6 3. Nc3 Nxd5 4. Nxd5 Qxd5 5. d4 Bf5 6. c4 Qd7 7. Nf3 Nc6 8. Be2 e6 9. O-O Bb4 10. a3 Ba5 11. b4 O-O 12. Qa4 b6 13. bxa5 bxa5 14. Rb1 Bxb1 15. Rd1 Be4 16. Bd2 Qd6 17. g3 Nxd4 18. Nxd4 Qxd4 19. Qxa5 c6 20. Bb4 Qf6 21. Bxf8 Rxf8 22. Qxa7 Qh6 23. Qc7 Qh3 24. f3 Bc2 25. Rd8 h6 26. Rxf8+ Kh7 27. Qxc6 Qf5 28. c5 Bb3 29. Qd6 Qb1+ 30. Kf2 Qc2 31. Qd3+ Qxd3 32. Bxd3+ 1-0

[Event "CZE-ch Youth G10-G12-G14 2022"]
[Site "Luhacovice"]
[Date "2022.03.12"]
[Round "1.10"]
[White "Vlckova Linda"]
[Black "Kubalova Nikol"]
[Result "0-1"]
[ECO "D31"]
[WhiteElo "1000"]
[BlackElo "1000"]
[Annotator "NA"]
[PlyCount "116"]
[EventDate "2022.03.12"]
[EventType "swiss"]
[EventCountry "CZE"]
[SourceTitle "playchess.com"]
[Source "ChessBase"]
[SourceQuality "1"]
[TimeControl "40/5400+30:1800+30"]

1. d4 d5 2. c4 c6 3. Nf3 e6 4. Nc3 g6 5. Bg5 f6 6. Bxf6 Nxf6 7. e3 dxc4 8. Bxc4 b5 9. Ng5 bxc4 10. O-O Bh6 11. Nf3 Ng4 12. e4 Ne3 13. Qe2 Nxf1 14. Qxf1 a5 15. Qxc4 a4 16. Nxa4 Bg7 17. Nc3 g5 18. g4 Qf6 19. Ne5 Bf8 20. Nxc6 Rg8 21. Nxb8 Rxb8 22. d5 Rg7 23. d6 Rf7 24. Rf1 Qf3 25. a4 Qxg4+ 26. Kh1 Rf4 27. Qd3 Rf3 28. d7+ Bxd7 29. Qe2 Qf4 30. Kg1 Qg4+ 31. Kh1 Bd6 32. a5 Bxh2 33. Kxh2 Qg3+ 34. Kh1 Qg4 35. Rg1 Qh4+ 36. Kg2 Rf4 37. Kf1 Qh3+ 38. Rg2 Qh1+ 39. Rg1 Rg4 40. Qxg4 Rxb2 41. a6 Qh2 42. Qg2 Qxg2+ 43. Rxg2 Bc6 44. a7 Rb3 45. Rg3 Ra3 46. Rxg5 Rxa7 47. f4 h6 48. Rg6 Ra1+ 49. Ke2 Bb7 50. Rxe6+ Kd7 51. Rxh6 Ba6+ 52. Ke3 Ra3 53. Kd4 Ra5 54. f5 Ra1 55. e5 Rf1 56. Rd6+ Kc7 57. f6 Rf4+ 58. Ne4 Bb7 0-1

[Event "CZE-ch Youth G10-G12-G14 2022"]
[Site "Luhacovice"]
[Date "2022.03.12"]
[Round "1.11"]
[White "Mazurkova Viktorie"]
[Black "Zadrapova Gabriela"]
[Result "1-0"]
[ECO "C44"]
[WhiteElo "1000"]
[BlackElo "1000"]
[Annotator "NA"]
[PlyCount "135"]
[EventDate "2022.03.12"]
[EventType "swiss"]
[EventCountry "CZE"]
[SourceTitle "playchess.com"]
[Source "ChessBase"]
[SourceQuality "1"]
[TimeControl "40/5400+30:1800+30"]

1. e4 e5 2. Nf3 Nc6 3. d4 f6 4. d5 Nb4 5. a3 Na6 6. Bxa6 bxa6 7. Nbd2 Ne7 8. Nb3 Bb7 9. Be3 c6 10. d6 Ng6 11. Nc5 Qa5+ 12. c3 Bc8 13. b4 Qb5 14. h3 Qb8 15. Rb1 Bxd6 16. O-O a5 17. bxa5 Qc7 18. Rb2 O-O 19. Qd2 Rb8 20. Rfb1 Rxb2 21. Rxb2 Bxc5 22. Bxc5 Rd8 23. c4 Ba6 24. Qc3 d6 25. Be3 f5 26. exf5 Ne7 27. Bg5 h6 28. Bxe7 Qxe7 29. Qc1 d5 30. c5 d4 31. Qb1 d3 32. Rb8 d2 33. Nxd2 Bc8 34. Qc2 Kf7 35. Ne4 Bxf5 36. Qb3+ Be6 37. Qb7 Rd7 38. Qxc6 Rd1+ 39. Kh2 Bd7 40. Nd6+ Qxd6 41. cxd6 Bxc6 42. Rd8 Ke6 43. Rg8 Kxd6 44. Rd8+ Ke6 45. Rg8 Kd6 46. Rxg7 Kd5 47. Rxa7 Kd4 48. Rc7 Bb5 49. a6 Ke4 50. a7 Rd8 51. Rb7 Bc6 52. Rb8 Rd2 53. a4 Rxf2 54. Rb4+ Ke3 55. Rg4 h5 56. Rg8 Ke2 57. a8=Q Bxa8 58. Rxa8 Kf1 59. Rg8 e4 60. a5 e3 61. a6 e2 62. Re8 Rxg2+ 63. Kh1 Ke1 64. Kxg2 Kd1 65. a7 e1=R 66. Rxe1+ Kxe1 67. a8=R Ke2 68. Ra3 1-0

[Event "CZE-ch Youth G10-G12-G14 2022"]
[Site "Luhacovice"]
[Date "2022.03.12"]
[Round "1.12"]
[White "Buchtova, Viktorie"]
[Black "Martinkova Klara"]
[Result "1-0"]
[ECO "C77"]
[WhiteElo "1464"]
[BlackElo "1177"]
[Annotator "NA"]
[PlyCount "95"]
[EventDate "2022.03.12"]
[EventType "swiss"]
[EventCountry "CZE"]
[SourceTitle "playchess.com"]
[Source "ChessBase"]
[SourceQuality "1"]
[TimeControl "40/5400+30:1800+30"]

1. e4 e5 2. Nf3 Nc6 3. Bb5 a6 4. Ba4 b5 5. Bb3 Nf6 6. Nc3 b4 7. Nd5 Nxe4 8. Qe2 Nc5 9. Nxe5 Nxe5 10. Qxe5+ Ne6 11. f4 Bd6 12. Qe4 Bb7 13. f5 O-O 14. fxe6 dxe6 15. Ne7+ Qxe7 16. Qxb7 Rab8 17. Qf3 Qg5 18. d3 Qe5+ 19. Qe3 Rb5 20. Bc4 Qxe3+ 21. Bxe3 Re5 22. Kd2 Rd8 23. Bxa6 Bc5 24. Bxc5 Rxc5 25. Rhf1 Rd6 26. Bb7 c6 27. Ba6 Kf8 28. Rf4 Ra5 29. Bc4 Ra4 30. Bb3 Ra5 31. Rxb4 Rg5 32. g3 Rb5 33. Ra4 c5 34. Rf1 f6 35. Ra8+ Ke7 36. Re1 c4 37. Bxc4 Rxb2 38. Bb3 g6 39. Ra7+ Kd8 40. Kc3 Rxb3+ 41. axb3 Rc6+ 42. Kb2 h5 43. Rg7 g5 44. Ra1 Rc8 45. Raa7 Rc7 46. Raxc7 e5 47. Ra7 f5 48. Ra8# 1-0

[Event "CZE-ch Youth G10-G12-G14 2022"]
[Site "Luhacovice"]
[Date "2022.03.12"]
[Round "1.13"]
[White "Nova Anezka"]
[Black "Markina, Sofiia"]
[Result "0-1"]
[ECO "B80"]
[WhiteElo "1111"]
[BlackElo "1367"]
[Annotator "NA"]
[PlyCount "60"]
[EventDate "2022.03.12"]
[EventType "swiss"]
[EventCountry "CZE"]
[SourceTitle "playchess.com"]
[Source "ChessBase"]
[SourceQuality "1"]
[TimeControl "40/5400+30:1800+30"]

1. e4 c5 2. Nf3 d6 3. d4 cxd4 4. Nxd4 Nf6 5. Nc3 e6 6. Bg5 Be7 7. Bc4 O-O 8. Qf3 Nc6 9. Nxc6 bxc6 10. O-O-O Qb6 11. Bxf6 Bxf6 12. Rxd6 Rb8 13. Bb5 Bxc3 14. Qxc3 Qxb5 15. Rxc6 Qg5+ 16. Qe3 Qxe3+ 17. fxe3 Bb7 18. Rc4 Rfc8 19. Ra4 Bc6 20. Rc4 Bb5 21. Rd4 Rc4 22. Rhd1 g6 23. b3 Rc5 24. Rb4 Rbc8 25. c4 a5 26. Rxb5 Rxb5 27. Kb2 Rxc4 28. Rd4 Rxd4 29. exd4 Rb4 30. Kc3 e5 0-1

[Event "CZE-ch Youth G10-G12-G14 2022"]
[Site "Luhacovice"]
[Date "2022.03.12"]
[Round "1.14"]
[White "Horkova, Tereza"]
[Black "Maresova Denisa"]
[Result "1-0"]
[ECO "C02"]
[WhiteElo "1375"]
[BlackElo "1103"]
[Annotator "NA"]
[PlyCount "87"]
[EventDate "2022.03.12"]
[EventType "swiss"]
[EventCountry "CZE"]
[SourceTitle "playchess.com"]
[Source "ChessBase"]
[SourceQuality "1"]
[TimeControl "40/5400+30:1800+30"]

1. e4 e6 2. d4 d5 3. e5 c5 4. c3 Nc6 5. Nf3 Qb6 6. Be2 c4 7. O-O Nge7 8. Qc2 Ng6 9. Re1 Be7 10. Bg5 O-O 11. Bxe7 Ncxe7 12. Nbd2 Nf5 13. Nf1 Bd7 14. g3 h6 15. h4 Qd8 16. Kg2 f6 17. exf6 Qxf6 18. Bd1 Rf7 19. N1h2 Raf8 20. Ng4 Qe7 21. h5 Nh8 22. Nfe5 Qg5 23. Nxf7 Rxf7 24. Ne5 Re7 25. Nxd7 Rxd7 26. Rxe6 Rf7 27. Re8+ Kh7 28. Qe2 g6 29. Bc2 gxh5 30. Bxf5+ Qxf5 31. Re1 h4 32. Re5 Qg6 33. Rxd5 hxg3 34. fxg3 Rg7 35. Qe4 Nf7 36. Qxg6+ Rxg6 37. Re7 Rg7 38. Rdd7 Kg6 39. Rxb7 h5 40. Rxa7 Kf6 41. Rxf7+ Rxf7 42. Rxf7+ Kxf7 43. Kh3 Kg6 44. a4 1-0

[Event "CZE-ch Youth G10-G12-G14 2022"]
[Site "Luhacovice"]
[Date "2022.03.12"]
[Round "1.15"]
[White "Krisicova Neli"]
[Black "Kammova, Katerina"]
[Result "0-1"]
[ECO "A01"]
[WhiteElo "1093"]
[BlackElo "1376"]
[Annotator "NA"]
[PlyCount "116"]
[EventDate "2022.03.12"]
[EventType "swiss"]
[EventCountry "CZE"]
[SourceTitle "playchess.com"]
[Source "ChessBase"]
[SourceQuality "1"]
[TimeControl "40/5400+30:1800+30"]

1. b3 e5 2. Bb2 Nc6 3. e3 Nge7 4. d3 Ng6 5. Nd2 Be7 6. Ngf3 O-O 7. Be2 d6 8. c4 f5 9. Qc2 a6 10. Qc3 Bf6 11. c5 Be6 12. cxd6 cxd6 13. Rc1 Rc8 14. Qc2 Re8 15. O-O Bf7 16. Rfe1 f4 17. Ne4 Qe7 18. Qd2 d5 19. Nxf6+ Qxf6 20. e4 d4 21. Rc2 Qe7 22. Rec1 Nf8 23. Rc5 Nd7 24. R5c2 Rb8 25. Kh1 Nd8 26. Qa5 Qf6 27. b4 Nc6 28. Qa4 Nb6 29. Rxc6 Nxa4 30. Rxf6 gxf6 31. Ba3 Nc3 32. Bd1 Nxd1 33. Rxd1 b5 34. Rc1 Rec8 35. Rc5 Rxc5 36. bxc5 b4 37. Bb2 Bxa2 38. Nd2 Rc8 39. Kg1 Rxc5 40. Nf1 Rc2 41. Ba1 Rc1 42. Bb2 Rb1 43. Bxd4 exd4 44. f3 Rb2 45. Kh1 Rf2 46. Kg1 Rxf1+ 47. Kxf1 b3 48. Kf2 b2 49. Ke2 b1=Q 50. Kd2 Qb2+ 51. Kd1 Bb3+ 52. Ke1 a5 53. Kf1 a4 54. h3 Qc1+ 55. Kf2 Qe3+ 56. Kf1 a3 57. h4 a2 58. h5 a1=R# 0-1

[Event "CZE-ch Youth G10-G12-G14 2022"]
[Site "Luhacovice"]
[Date "2022.03.12"]
[Round "1.16"]
[White "Kozusnikova, Daniela"]
[Black "Havelkova Kamila"]
[Result "1-0"]
[ECO "C46"]
[WhiteElo "1364"]
[BlackElo "1092"]
[Annotator "NA"]
[PlyCount "69"]
[EventDate "2022.03.12"]
[EventType "swiss"]
[EventCountry "CZE"]
[SourceTitle "playchess.com"]
[Source "ChessBase"]
[SourceQuality "1"]
[TimeControl "40/5400+30:1800+30"]

1. e4 e5 2. Nf3 Nc6 3. Nc3 Bc5 4. Nxe5 Nge7 5. Nxc6 Nxc6 6. Bc4 O-O 7. O-O d6 8. d3 Be6 9. Bd5 Bd7 10. Be3 Bb4 11. Qd2 Re8 12. a3 Bxc3 13. Qxc3 Ne5 14. Bxb7 Rb8 15. Bd5 c6 16. Ba2 Qh4 17. f3 h6 18. Bxa7 Ra8 19. Be3 Qh5 20. Rf2 Bg4 21. fxg4 Nxg4 22. Bxf7+ Qxf7 23. Rxf7 Kxf7 24. Rf1+ Kg6 25. Bd4 c5 26. Bxg7 Rg8 27. Bf6 Raf8 28. Be7 Re8 29. Bxd6 Ne3 30. Rf3 Ng4 31. h3 Ne5 32. Bxe5 h5 33. Qc4 Rxe5 34. Qxg8+ Kh6 35. Rf6# 1-0

[Event "CZE-ch Youth G10-G12-G14 2022"]
[Site "Luhacovice"]
[Date "2022.03.12"]
[Round "1.17"]
[White "Mojzisova Barbora"]
[Black "Stara, Zuzana"]
[Result "0-1"]
[ECO "B54"]
[WhiteElo "1089"]
[BlackElo "1322"]
[Annotator "NA"]
[PlyCount "118"]
[EventDate "2022.03.12"]
[EventType "swiss"]
[EventCountry "CZE"]
[SourceTitle "playchess.com"]
[Source "ChessBase"]
[SourceQuality "1"]
[TimeControl "40/5400+30:1800+30"]

1. e4 c5 2. Bc4 Nc6 3. Nf3 d6 4. d4 cxd4 5. Nxd4 a6 6. Bg5 Qa5+ 7. Bd2 Qc5 8. Nxc6 Qxc4 9. Na5 Qxe4+ 10. Kf1 b6 11. Nc3 Qe6 12. Nb3 Bb7 13. Qe1 Qxe1+ 14. Rxe1 e5 15. Rg1 O-O-O 16. Ne4 a5 17. f4 Ba6+ 18. Kf2 f6 19. g4 a4 20. Nc1 d5 21. Nc3 Bc5+ 22. Kg2 Bxg1 23. Kxg1 b5 24. fxe5 d4 25. Nd1 Re8 26. e6 Kc7 27. g5 Bc8 28. gxf6 gxf6 29. Ne2 Rxe6 30. Nxd4 Rxe1+ 31. Bxe1 Bd7 32. Nc3 Kb6 33. b3 axb3 34. cxb3 Ne7 35. Bf2 Ka6 36. a4 bxa4 37. bxa4 Rc8 38. Be1 Rc4 39. Ndb5 Bxb5 40. axb5+ Kb7 41. Kf2 Rc5 42. Kf3 Nd5 43. Nxd5 Rxd5 44. Bh4 Rxb5 45. Kg3 f5 46. Bg5 Rb4 47. h4 h5 48. Kf3 Kc6 49. Ke3 Kd5 50. Kd3 Rb3+ 51. Ke2 Ke4 52. Kf2 f4 53. Kg2 Rb2+ 54. Kh3 f3 55. Kg3 Rg2+ 56. Kh3 Rg4 57. Bf4 f2 58. Bg3 f1=Q+ 59. Kh2 Kf3 0-1

[Event "CZE-ch Youth G10-G12-G14 2022"]
[Site "Luhacovice"]
[Date "2022.03.12"]
[Round "1.18"]
[White "Slivova, Linda"]
[Black "Kubatova Beta"]
[Result "1-0"]
[ECO "B26"]
[WhiteElo "1298"]
[BlackElo "1071"]
[Annotator "NA RC"]
[PlyCount "157"]
[EventDate "2022.03.12"]
[EventType "swiss"]
[EventCountry "CZE"]
[SourceTitle "playchess.com"]
[Source "ChessBase"]
[SourceQuality "1"]
[TimeControl "40/5400+30:1800+30"]

1. e4 c5 2. Nc3 Nc6 3. g3 Nf6 4. Bg2 g6 5. d3 Bg7 6. Be3 d6 7. f4 O-O 8. Nf3 a6 9. O-O b5 10. Nh4 Bd7 11. h3 Rc8 12. Qd2 Rb8 13. f5 Ne5 14. Bh6 Re8 15. Bxg7 Kxg7 16. fxg6 fxg6 17. Nf3 Nc6 18. Nd5 Be6 19. Nf4 Bf7 20. Ng5 Qd7 21. Nxf7 Kxf7 22. Nd5 Kg7 23. Nxf6 exf6 24. Rf2 Rf8 25. Raf1 Rf7 26. c3 Rbf8 27. Kh2 h5 28. d4 cxd4 29. cxd4 Qc8 30. Rc1 Qd7 31. e5 Ne7 32. exf6+ Rxf6 33. Rxf6 Rxf6 34. Qa5 Qe6 35. Re1 Qd7 36. Qxa6 Rf7 37. Qa5 Nf5 38. Qc3 Qd8 39. d5+ Kg8 40. Re6 Rg7 41. Qf6 Qxf6 42. Rxf6 Kh7 43. Re6 Rd7 44. Bf1 b4 45. Re4 Rb7 46. a3 bxa3 47. bxa3 Ra7 48. g4 hxg4 49. hxg4 Ne7 50. Bc4 Nc8 51. Re3 Nb6 52. Ba2 Kg7 53. g5 Nc8 54. Bb1 Ne7 55. Be4 Nc8 56. Rc3 Ne7 57. Kg2 Ra4 58. Bf3 Ra7 59. Kf2 Nf5 60. Bg4 Ne7 61. Be6 Kf8 62. Ke3 Ke8 63. Kd2 Kd8 64. Kc2 Rb7 65. a4 Ra7 66. Kb3 Rb7+ 67. Ka3 Rb8 68. Rb3 Ra8 69. Rb7 Nc8 70. Kb4 Na7 71. a5 Nc8 72. Kb5 Ne7 73. a6 Nc8 74. Bxc8 Kxc8 75. Kb6 Kd8 76. a7 Kc8 77. Rb8+ Rxb8+ 78. axb8=Q+ Kxb8 79. Kc6 1-0

[Event "CZE-ch Youth G10-G12-G14 2022"]
[Site "Luhacovice"]
[Date "2022.03.12"]
[Round "1.19"]
[White "Rezacova Julie"]
[Black "Bouchalova, Kveta"]
[Result "0-1"]
[ECO "C42"]
[WhiteElo "1063"]
[BlackElo "1303"]
[Annotator "NA"]
[PlyCount "25"]
[EventDate "2022.03.12"]
[EventType "swiss"]
[EventCountry "CZE"]
[SourceTitle "playchess.com"]
[Source "ChessBase"]
[SourceQuality "1"]
[TimeControl "40/5400+30:1800+30"]

1. e4 e5 2. Nf3 Nc6 3. Nc3 Nf6 4. d3 Bb4 5. Bd2 O-O 6. Be2 d5 7. O-O Bg4 8. h3 Bh5 9. Bg5 Bxc3 10. bxc3 Nxe4 11. Be3 Nxc3 12. Kh1 h6 13. h4 0-1

[Event "CZE-ch Youth G10-G12-G14 2022"]
[Site "Luhacovice"]
[Date "2022.03.12"]
[Round "1.20"]
[White "Barteckova, Valerie"]
[Black "Lukaskova Ellen"]
[Result "0-1"]
[ECO "C78"]
[WhiteElo "1250"]
[BlackElo "1058"]
[Annotator "NA"]
[PlyCount "92"]
[EventDate "2022.03.12"]
[EventType "swiss"]
[EventCountry "CZE"]
[SourceTitle "playchess.com"]
[Source "ChessBase"]
[SourceQuality "1"]
[TimeControl "40/5400+30:1800+30"]

1. e4 e5 2. Nf3 Nc6 3. Bb5 Bc5 4. c3 a6 5. Ba4 Nf6 6. O-O b5 7. Bc2 O-O 8. d4 exd4 9. cxd4 Bb6 10. Bg5 h6 11. Bh4 g5 12. Bg3 d5 13. e5 Nh5 14. Qd3 f5 15. exf6 Rxf6 16. Qh7+ Kf8 17. Qh8+ Kf7 18. Nxg5+ hxg5 19. Qxh5+ Kf8 20. Qh8+ Ke7 21. Re1+ Be6 22. Qg7+ Rf7 23. Qxg5+ Kd7 24. Qxd8+ Rxd8 25. Nc3 Nxd4 26. Bd3 Bf5 27. Bxf5+ Rxf5 28. Rad1 b4 29. Na4 Ba7 30. Rc1 c6 31. Kf1 b3 32. a3 Nc2 33. Re2 d4 34. Rd2 c5 35. Nc3 Kc6 36. Ne2 d3 37. Nf4 c4 38. h3 Rd7 39. Kg1 Bd4 40. Rb1 Bxb2 41. Rxb2 c3 42. Rxb3 cxd2 43. Rc3+ Rc5 44. Rxc5+ Kxc5 45. Ne6+ Kc6 46. Nd4+ Rxd4 0-1

[Event "CZE-ch Youth G10-G12-G14 2022"]
[Site "Luhacovice"]
[Date "2022.03.12"]
[Round "1.21"]
[White "Archlebova Eva"]
[Black "Barteckova, Nikol"]
[Result "0-1"]
[ECO "B30"]
[WhiteElo "1040"]
[BlackElo "1140"]
[Annotator "NA"]
[PlyCount "70"]
[EventDate "2022.03.12"]
[EventType "swiss"]
[EventCountry "CZE"]
[SourceTitle "playchess.com"]
[Source "ChessBase"]
[SourceQuality "1"]
[TimeControl "40/5400+30:1800+30"]

1. e4 c5 2. Nc3 e6 3. Nf3 Nc6 4. Bc4 Nf6 5. d3 a6 6. Bg5 Be7 7. O-O b5 8. Bb3 Qc7 9. h3 Bb7 10. Qe2 d6 11. Rad1 O-O 12. a3 Rad8 13. Qe3 Kh8 14. a4 Qa5 15. d4 b4 16. Nd5 exd5 17. Bxf6 Bxf6 18. Bxd5 Qxa4 19. c3 Qb5 20. dxc5 dxc5 21. c4 Qb6 22. b3 Ba8 23. e5 Rde8 24. Qf4 Nd4 25. Rfe1 Nxf3+ 26. Bxf3 Bxf3 27. gxf3 Bd8 28. Rd6 Qb7 29. e6 Bc7 30. Qxf7 Rxf7 31. exf7 Rxe1+ 32. Kg2 Bxd6 33. h4 Qxf7 34. Kh3 Qg6 35. f4 Rh1# 0-1